 Dungeon Crawl Stone Soup version 0.12.3 (webtiles) character file.

290 4tharraofdagon the Pious (level 5, -1/44 HPs)
             Began as a Minotaur Priest on May 9, 2015.
             Was a Believer of Zin.
             Slain by an orc
             ... wielding a -1,+1 orcish club
              (3 damage)
             ... on Level 3 of the Dungeon.
             The game lasted 00:06:35 (1486 turns).

4tharraofdagon the Pious (Minotaur Priest)          Turns: 1486, Time: 00:06:35

HP  -1/44        AC  6     Str 16      XL: 5   Next: 31%
MP   7/7         EV  9     Int  9      God: Zin [**....]
Gold 113         SH  0     Dex 11      Spells:  0 memorised,  4 levels left

Res.Fire  : . . .   See Invis. : .   a - +0 quarterstaff
Res.Cold  : . . .   Warding    : .   v - +1 orc ring mail
Life Prot.: . . .   Conserve   : .   (no shield)
Res.Poison: .       Res.Corr.  : .   (helmet restricted)
Res.Elec. : .       Clarity    : .   (no cloak)
Sust.Abil.: . .     Spirit.Shd : .   (no gloves)
Res.Mut.  : .       Stasis     : .   (no boots)
Res.Rott. : .       Ctrl.Telep.: .   (no amulet)
Saprovore : . . .   Flight     : .   (no ring)
                                     (no ring)

@: slightly resistant to hostile enchantments, extremely unstealthy
A: retaliatory headbutt, horns 2
a: Recite, Vitalisation, Renounce Religion


You were on level 3 of the Dungeon.
You worshipped Zin.
Zin was greatly pleased with you.
You were not hungry.

You visited 1 branch of the dungeon, and saw 4 of its levels.

You collected 103 gold pieces.
You donated 10 gold pieces.

Inventory:

Hand weapons
 a - a +0,+0 quarterstaff (weapon)
 o - a -1,+0 orcish hand axe (quivered)
 t - a +0,+0 orcish mace
 u - a -4,-3 orcish hammer
Armour
 b - a +0 robe
 g - a +1 dwarven large shield
 k - a +0 plate armour
 v - a +1 orcish ring mail (worn)
Comestibles
 c - 2 bread rations
 h - an orange
 n - a meat ration
 x - an apricot
Scrolls
 d - a scroll of identify {unknown}
 f - a scroll of remove curse
 i - a scroll of blinking
 j - a scroll of noise {unknown}
 q - a scroll of curse jewellery {unknown}
 r - a scroll of enchant weapon II {unknown}
 s - a scroll of teleportation {unknown}
 w - a scroll of fog {unknown}
Potions
 e - a potion of curing {unknown}
 l - 2 potions of might {unknown}
 m - a potion of heal wounds {unknown}
 p - a potion of slowing {unknown}


   Skills:
 + Level 4.0 Fighting
 * Level 2.8 Maces & Flails
 - Level 3.6 Staves
 + Level 3.1 Dodging
 + Level 5.4 Invocations


You had 4 spell levels left.
You didn't know any spells.

Dungeon Overview and Level Annotations

Branches:
Dungeon (4/27)
 Temple: D:4-7

Altars:

Annotations
D:4 Eradicator's ghost, experienced HEPr


Innate Abilities, Weirdness & Mutations

You reflexively headbutt those who attack you in melee.
You have a pair of horns on your head.


Message History

The orc hits you but does no damage.
The orc priest hits you but does no damage.
Unknown command.
You barely miss the orc priest. Your headbutt misses the orc priest.
The orc priest is severely wounded.
The orc closely misses you.
The orc priest hits you with an orcish dagger.
* * * LOW HITPOINT WARNING * * *
Unknown command.
You hit the orc priest.
The orc priest is almost dead.
The orc priest glows brightly for a moment.
Unknown command.
You thump the orc priest!
You kill the orc priest!
Your Fighting skill increases to level 4!
The orc hits you with an orcish mace!
* * * LOW HITPOINT WARNING * * *
The orc hits you with an orcish club.
You die...

#.#....##......
#)#....##)...##
#.#....###.###
#####.#....#
#.#
#...o.#....#
#.#
#.####.....#
#.# #.# #.....#
#.#
###o####.....#
#.#
#..o@.!...####
#.# #....)....#
#.# #.........#
#.# #.........#
#.# #.........#
#.# #.........#
#.####
#.........#
#.....
#.........
###### ###


You could see 2 orcs.

Vanquished Creatures
  An orc priest (D:3)
  Jessica (D:2)
  5 adders
  A giant gecko (D:1)
  An ooze (D:2)
  20 orcs
  A ball python (D:2)
  6 bats
  3 giant cockroaches
  4 goblins
  4 hobgoblins
  3 jackals (D:2)
  A kobold (D:2)
  3 quokkas
  A giant newt (D:1)
  3 rats
58 creatures vanquished.

Notes
Turn   | Place    | Note
--------------------------------------------------------------
     0 | D:1      | 4tharraofdagon, the Minotaur Priest, began the quest for the Orb.
     0 | D:1      | Reached XP level 1. HP: 17/17 MP: 2/2
   145 | D:2      | Reached XP level 2. HP: 15/24 MP: 3/3
   228 | D:1      | Reached XP level 3. HP: 7/30 MP: 5/5
   323 | D:2      | Acquired Zin's second power
   515 | D:2      | Noticed Jessica
   521 | D:2      | Killed Jessica
   521 | D:2      | Reached skill level 5 in Invocations
   613 | D:2      | Reached XP level 4. HP: 37/37 MP: 6/6
   946 | D:3      | Reached skill level 1 in Maces & Flails
  1252 | D:4      | Noticed Eradicator's ghost (experienced HEPr)
  1413 | D:3      | Reached XP level 5. HP: 42/44 MP: 7/7
  1486 | D:3      | HP: 2/44 [orc/orcish mace (8)]
  1486 | D:3      | Slain by an orc

Action                   |  1- 3 |  4- 6 || total
-------------------------+-------+-------++-------
Melee: Quarterstaff      |    58 |    83 ||   141
       Unarmed           |       |     1 ||     1
  Use: Scroll            |       |     3 ||     3
 Stab: Sleeping          |     1 |       ||     1
